 Dungeon Crawl Stone Soup version 0.31-a0-4-gefa6de2278 (webtiles) character file.

Game seed: 17185854733845852975

5226 Darkkill the Skirmisher (level 10, -4/91 HPs)
             Began as a Minotaur Hunter on May 3, 2023.
             Was an Initiate of Gozag.
             Slain by Amaemon
             ... wielding a -1 demon whip of venom
              (5 damage)
             ... on level 1 of the Lair of Beasts.
             The game lasted 00:10:37 (7714 turns).

Darkkill the Skirmisher (Minotaur Hunter)           Turns: 7714, Time: 00:10:37

Health: -4/91      AC:  6    Str: 16    XL:     10   Next: 35%
Magic:  0/9        EV: 16    Int: 14    God:    Gozag
Gold:   751        SH:  0    Dex: 16    Spells: 9/9 levels left

rFire   . . .        a - +1 shortbow
rCold   + . .        (shield currently unavailable)
rNeg    . . .        c - +0 leather armour
rPois   .            (helmet restricted)
rElec   .            (no cloak)
rCorr   .            (no gloves)
SInv    .            d - +2 pair of boots
Will    .....        z - amulet "Casith" {Spirit rC+ Regen+ Stlth-}
Stlth   ++           h - +4 ring of slaying
HPRegen 1.15/turn    t - +6 ring of intelligence
MPRegen 0.11/turn

%: guardian spirit
@: lethally poisoned (-4 -> -29), slowed, very slow
A: horns 2, retaliatory headbutt
a: Renounce Religion, Potion Petition, Call Merchant, Bribe Branch


You were on level 1 of the Lair of Beasts.
You worshipped Gozag.
Gozag was pleased with you.
You visited 2 branches of the dungeon, and saw 9 of its levels.

You collected 1396 gold pieces.
You spent 601 gold pieces at shops.
You paid 44 gold pieces to Gozag.

Inventory:

Hand Weapons
 a - a +1 shortbow (weapon)
Missiles
 e - 99 stones
 n - 5 curare-tipped darts {=f !f}
 r - 25 poisoned darts
Armour
 c - a +0 leather armour (worn)
 d - a +2 pair of boots (worn)
Jewellery
 h - a +4 ring of slaying (left hand)
 t - a +6 ring of intelligence (right hand)
 z - the amulet "Casith" (around neck) {Spirit rC+ Regen+ Stlth-}
   (You bought it in a shop on level 1 of the Dungeon)

   [amulet of guardian spirit]

   It causes incoming damage to be divided between your reserves of health and
   magic.
   rC:        It protects you from cold.
   Regen:     It increases your rate of health regeneration.
   Stlth:     It makes you less stealthy.
Wands
 m - a wand of mindburst (7)
 w - a wand of roots (5)
Scrolls
 b - 2 scrolls of immolation
 y - 3 scrolls of teleportation
Potions
 g - a potion of might
 i - a potion of attraction {unknown}
 j - a potion of lignification
 k - 2 potions of mutation
 l - 5 potions of brilliance
 p - 3 potions of flight
 q - a potion of cancellation {unknown}
 s - a potion of ambrosia {unknown}
 v - a potion of degeneration {unknown}
 x - a potion of haste {unknown}


   Skills:
 + Level 9.5 Fighting
 + Level 9.6 Ranged Weapons
 + Level 8.8 Dodging
 + Level 7.0 Stealth


You had 9 spell levels left.
You didn't know any spells.
Your spell library contained the following spells:

 Spells                   Type           Power      Damage    Failure   Level
 Beastly Appendage        Tmut           0%         N/A       34%         1
 Wereblood                Tmut           0%         N/A       47%         2
 Spider Form              Tmut/Pois      0%         N/A       71%         3


Dungeon Overview and Level Annotations

Branches:
Dungeon (8/15)             Temple (0/1) D:4            Lair (1/5) D:8

Altars:
Cheibriados
Elyvilon
Gozag
Hepliaklqana
Okawaru
Qazlal
Wu Jian
Xom
The Shining One

Shops:
D:1 (=[?   D:2 :   D:6 =

Annotations:
D:4 1 runed translucent door, baller8008's ghost, amateur DECj
D:5 2 transporters, LobsterGuardian's ghost, amateur FeVM
Lair:1 Amaemon


Innate Abilities, Weirdness & Mutations

You have a pair of horns on your head.
You reflexively headbutt those who attack you in melee.


Message History

You shoot an arrow. The arrow hits Amaemon!
Amaemon is heavily wounded.
Amaemon is nearby!
You shoot an arrow. The arrow closely misses Amaemon.
Amaemon is nearby!
You shoot an arrow. The arrow closely misses Amaemon.
Amaemon is nearby!
You shoot an arrow. The arrow hits Amaemon!
Amaemon is severely wounded.
Amaemon barely misses you. Amaemon claws you. Amaemon completely misses you.
You shoot an arrow. The arrow hits Amaemon.
Amaemon is severely wounded.
Amaemon hits you with a -1 demon whip of venom!
You are poisoned.
Amaemon closely misses you. Amaemon barely misses you.
You shoot an arrow. The arrow hits Amaemon.
Amaemon is severely wounded.
You feel very sick. Amaemon closely misses you. x2
Amaemon tail-slaps you but does no damage.
You shoot an arrow. The arrow barely misses Amaemon.
You feel very sick.
Amaemon gestures wildly while chanting.
You shoot an arrow. The arrow hits Amaemon.
Amaemon is almost dead.
You feel very sick.
Amaemon gestures wildly while chanting.
The scorpion stings you.
Okay, then.
Fire: a) +1 shortbow
Press: ? - help, Q - select action, (/) - cycle Shift-Dir - straight line, f/p - Amaemon
Aim: Amaemon, wielding a -1 demon whip of venom (almost dead, 67% to hit)
You shoot an arrow. The arrow hits Amaemon.
Amaemon is almost dead.
You feel very sick.
The scorpion stings you but does no damage.
The scorpion stings you.
Amaemon hits you with a -1 demon whip of venom.
You are more poisoned.
Amaemon claws you but does no damage. Amaemon tail-slaps you.
You are more poisoned.
Amaemon poisons you!
Fire: a) +1 shortbow
Press: ? - help, Q - select action, (/) - cycle Shift-Dir - straight line, f/p - Amaemon
Aim: Amaemon, wielding a -1 demon whip of venom (almost dead, 67% to hit)
You shoot an arrow. The arrow hits Amaemon!
Amaemon is almost dead.
You feel extremely sick. The scorpion completely misses you.
The scorpion misses you.
The scorpion stings you but does no damage.
Amaemon points at the scorpion and mumbles some strange words.
The scorpion seems to grow toxic.
Fire: a) +1 shortbow
Press: ? - help, Q - select action, (/) - cycle Shift-Dir - straight line, f/p - Amaemon
Aim: Amaemon, wielding a -1 demon whip of venom (almost dead, 67% to hit)
You shoot an arrow. The arrow hits Amaemon!
Amaemon is almost dead.
You feel very sick. The scorpion barely misses you. You furiously retaliate!
You headbutt the scorpion! The scorpion misses you. You furiously retaliate!
You headbutt the scorpion!
Amaemon hits you with a -1 demon whip of venom!
* * * LOW HITPOINT WARNING * * *
Amaemon claws you!
* * * LOW HITPOINT WARNING * * *
Amaemon closely misses you.
Fire: a) +1 shortbow
Press: ? - help, Q - select action, (/) - cycle Shift-Dir - straight line, f/p - Amaemon
Aim: Amaemon, wielding a -1 demon whip of venom (almost dead, 67% to hit)
You shoot an arrow.
The arrow hits Amaemon but does no damage.
Amaemon is almost dead.
You feel very sick.
The scorpion stings you but does no damage.
The scorpion stings you.
* * * LOW HITPOINT WARNING * * *
The scorpion stings you but does no damage.
The scorpion misses you.
Amaemon casts a spell.
The scorpion closely misses you. x3
Fire: a) +1 shortbow
Press: ? - help, Q - select action, (/) - cycle Shift-Dir - straight line, f/p - Amaemon
Aim: Amaemon, wielding a -1 demon whip of venom (almost dead, 67% to hit)
You shoot an arrow. The arrow misses Amaemon.
You feel very sick.
The scorpion stings you but does no damage.
The scorpion stings you.
* * * LOW HITPOINT WARNING * * *
You are lethally poisoned!
You have difficulty breathing.
* * * LOW HITPOINT WARNING * * *
You feel yourself slow down. The scorpion stings you.
* * * LOW HITPOINT WARNING * * *
You are more poisoned.
The scorpion poisons you!
Amaemon says, "Need some antivenom?
Don't worry, you can trust me." Amaemon closely misses you. Amaemon claws you.
You die...
Your body crumbles into a pile of gold.

.....##ss...... ....
##.)........... ...
#..............# ..
#............... .
#..............##
##.......s.......#
#....$.s........# ###
#......s6......## ###..
###....@s....P..####....
##...ss.s..#..##......
##.......P##<#.......
..##
###.....##..........
.....#
#...#.#.....#.....
......#
###.....###...P...
#.......##
#.#...####.......
#........#####...###
#........
##..........#...###
##........


You could see Amaemon and 7 scorpions.

Vanquished Creatures
  A black mamba (Lair:1)
  An orange demon (Lair:1)
  An unseen horror (D:8)
  A polar bear (Lair:1)
  5 blink frogs (Lair:1)
  A basilisk (Lair:1)
  A steam dragon (D:8)
  4 water moccasins
  2 orc warriors
  An ice beast (D:7)
  3 black bears
  3 sky beasts
  An ogre (D:4)
  A phantom (D:4)
  2 kobold brigands (D:6)
  A bullfrog (Lair:1)
  2 scorpions
  4 howler monkeys
  3 jellies
  3 hounds
  8 orc priests
  2 sleepcaps
  3 iguanas (D:5)
  7 orc wizards
  9 gnolls
  4 adders
  4 white imps
  2 ufetubi
  7 worms
  3 dart slugs
  29 orcs
  7 bats
  6 endoplasms
  A giant cockroach (D:3)
  2 hobgoblins (D:3)
  4 jackals
  22 kobolds
  5 quokkas
  10 ball pythons
  7 frilled lizards
  11 goblins
  3 rats
  A spectral goblin (D:4)
198 creatures vanquished.

Notes
Turn   | Place    | Note
-------+----------+-------------------------------------------
     0 | D:1      | Darkkill the Minotaur Hunter began the quest for the Orb.
     0 | D:1      | Reached XP level 1. HP: 18/18 MP: 0/0
    86 | D:1      | Reached skill level 1 in Stealth
   183 | D:1      | Reached XP level 2. HP: 25/25 MP: 1/1
   286 | D:1      | Found Pusum's Jewellery Shoppe.
   320 | D:1      | HP: 4/25 [frozen (5)]
   478 | D:1      | Found Mipnav's Weapon Boutique.
   571 | D:1      | Reached XP level 3. HP: 31/31 MP: 2/2
   592 | D:1      | Found Hodurch's Antique Armour Emporium.
   628 | D:1      | Found Voafroj's Magic Scroll Boutique.
   631 | D:1      | Bought a scroll of enchant weapon for 90 gold pieces
   975 | D:2      | Reached XP level 4. HP: 28/38 MP: 3/3
  1066 | D:2      | Found a shimmering altar of Xom.
  1242 | D:2      | Found Hasith's Book Boutique.
  1576 | D:3      | Reached skill level 5 in Ranged Weapons
  1603 | D:3      | Found an opulent altar of Gozag.
  1679 | D:3      | Became a worshipper of Gozag Ym Sagoz the Greedy
  1995 | D:4      | Noticed baller8008's ghost (amateur DECj)
  1995 | D:4      | Found a runed translucent door.
  1995 | D:4      | Found a staircase to the Ecumenical Temple.
  2011 | D:4      | Reached XP level 5. HP: 12/46 MP: 4/4
  2624 | D:4      | Noticed a phantom
  2630 | D:4      | Killed a phantom
  2631 | D:4      | Reached XP level 6. HP: 51/53 MP: 5/5
  2646 | D:4      | Found a hazy altar of Hepliaklqana.
  2898 | D:4      | Found an iron altar of Okawaru.
  3068 | D:5      | Entered Level 5 of the Dungeon
  3072 | D:5      | Found a transporter.
  3075 | D:5      | Noticed LobsterGuardian's ghost (amateur FeVM)
  3129 | D:5      | Found a glowing golden altar of the Shining One.
  3298 | D:5      | Reached XP level 7. HP: 60/60 MP: 6/6
  3302 | D:5      | Reached skill level 5 in Fighting
  3561 | D:5      | Found a transporter.
  3904 | D:5      | Reached skill level 5 in Dodging
  4024 | D:5      | Found an ornate altar of the Wu Jian Council.
  4572 | D:6      | Found Noric's Jewellery Boutique.
  4597 | D:6      | Reached XP level 8. HP: 64/70 MP: 7/7
  5019 | D:1      | Bought the amulet "Casith" {Spirit rC+ Regen+ Stlth-} for
                  | 511 gold pieces
  5692 | D:7      | Reached skill level 5 in Stealth
  5855 | D:7      | Reached XP level 9. HP: 79/79 MP: 8/8
  6192 | D:7      | Found a snail-covered altar of Cheibriados.
  6201 | D:7      | Found a white marble altar of Elyvilon.
  6601 | D:8      | HP: 14/81 [something (5)]
  6614 | D:8      | HP: 16/81 [something (7)]
  6615 | D:8      | Killed an unseen horror
  6736 | D:8      | Found a stormy altar of Qazlal.
  7055 | D:8      | Found a staircase to the Lair.
  7164 | Lair:1   | Entered Level 1 of the Lair of Beasts
  7241 | Lair:1   | Reached XP level 10. HP: 78/91 MP: 6/9
  7375 | Lair:1   | HP: 18/91 [polar bear (5)]
  7484 | Lair:1   | Noticed an orange demon
  7493 | Lair:1   | Killed an orange demon
  7499 | Lair:1   | HP: 18/91 [poisoned by an orange demon]
  7502 | Lair:1   | Noticed Amaemon
  7504 | Lair:1   | HP: 17/91 [poisoned by an orange demon]
  7509 | Lair:1   | HP: 18/91 [Amaemon/-1 demon whip of venom (2)]
  7514 | Lair:1   | HP: 11/91 [poisoned by Amaemon]
  7520 | Lair:1   | HP: 12/91 [scorpion[Amaemon] (2)]
  7525 | Lair:1   | HP: 9/91 [poisoned by a scorpion]
  7606 | Lair:1   | Noticed a black mamba
  7611 | Lair:1   | Killed a black mamba
  7713 | Lair:1   | HP: 14/91 [poisoned by Amaemon]
  7714 | Lair:1   | HP: 6/91 [asphyx]
  7714 | Lair:1   | HP: 1/91 [scorpion[Amaemon] (5)]
  7714 | Lair:1   | Slain by Amaemon

Illustrated notes

Levels and vault maps discovered:
D:1:      giann_wishing_wells, layout_basic, serial_shops, shop,
          nicolae_shop_real_fake_doors, nicolae_shop_tiny_real_fake_doors,
          nicolae_shop_crystal, minmay_misc_feat_five, minmay_shallow_snake_nest
D:2:      layout_loops_ring, basic_altar, serial_shops, shop,
          minmay_tetromino_l4
D:3:      layout_rooms, grunt_gozag_breadcrumbs
D:4:      layout_basic, nicolae_hepliaklqana_monster_ancestors,
          kennysheep_okawaru_gauntlet, minmay_temple_entry_offerings,
          hellmonk_ghost_happy_afterlife, chequers_arboretum,
          chequers_hall_statues_y, st_stairs_6
D:5:      minmay_angry_zag, layout_basic, mainiacjoe_overflow_24_doors,
          lemuel_coloured_pillars_altar, gammafunk_ghost_stat_death
D:6:      layout_loops_cross, serial_shops, shop
D:7:      layout_rooms, mainiacjoe_overflow_swirl, lemuel_flamethrower_1
D:8:      layout_loops_ring, nicolae_qazlal_scattered_showers, lair_entry_dummy
Lair:1:   layout_cave_pods, uniq_amaemon

Skill      XL: |  1  2  3  4  5  6  7  8  9 10 |
---------------+-------------------------------+-----
Stealth        | 1 2 3 4 5 6 7 |  7.0
Fighting       | 3 4 5 7 9 |  9.5
Dodging        | 3 4 5 6 8 |  8.8
Ranged Weapons | 5 6 7 9 |  9.6

Action                     |  1- 3 |  4- 6 |  7- 9 | 10-12 || total
---------------------------+-------+-------+-------+-------++-------
   Fire: Shortbow          |    85 |   135 |   305 |    60 ||   585
  Evoke: Wand              |       |       |       |    13 ||    13
    Use: Scroll            |     3 |     8 |     4 |     2 ||    17
         Potion            |       |     2 |     2 |     4 ||     8
 Armour: Leather armour    |    10 |     6 |    42 |    39 ||    97
  Dodge: Dodged            |    22 |    23 |   115 |    58 ||   218

Table legend: (Time is in decaauts)
 A = Elapsed time spent in this place.
 B = Non-inter-level travel time spent in this place.
 C = Inter-level travel time spent in this place.
 D = Time resting spent in this place.
 E = Time spent auto-exploring this place.
 F = Levels seen in this place.
 G = Mean time per level.
                   A        B        C        D        E       F      G
               +--------+--------+--------+--------+--------+-----+--------+
         Total |   7833 |   6947 |    886 |    181 |   5413 |   9 |  870.3 |
       Dungeon |   7275 |   6389 |    886 |    103 |   5075 |   8 |  909.4 |
          Lair |    558 |    558 |      0 |     78 |    338 |   1 |  558.0 |
               +--------+--------+--------+--------+--------+-----+--------+

Top non-repeatable levels by time:
     D:4: 1344 daAuts
     D:5: 1096 daAuts
     D:1: 994 daAuts
     D:8: 911 daAuts
     D:2: 908 daAuts
     D:6: 828 daAuts
     D:3: 608 daAuts
     D:7: 583 daAuts
  Lair:1: 558 daAuts

Levels and vault maps discovered:
D:1:      giann_wishing_wells, layout_basic, serial_shops, shop,
          nicolae_shop_real_fake_doors, nicolae_shop_tiny_real_fake_doors,
          nicolae_shop_crystal, minmay_misc_feat_five, minmay_shallow_snake_nest
D:2:      layout_loops_ring, basic_altar, serial_shops, shop,
          minmay_tetromino_l4
D:3:      layout_rooms, grunt_gozag_breadcrumbs
D:4:      layout_basic, nicolae_hepliaklqana_monster_ancestors,
          kennysheep_okawaru_gauntlet, minmay_temple_entry_offerings,
          hellmonk_ghost_happy_afterlife, chequers_arboretum,
          chequers_hall_statues_y, st_stairs_6
D:5:      minmay_angry_zag, layout_basic, mainiacjoe_overflow_24_doors,
          lemuel_coloured_pillars_altar, gammafunk_ghost_stat_death
D:6:      layout_loops_cross, serial_shops, shop
D:7:      layout_rooms, mainiacjoe_overflow_swirl, lemuel_flamethrower_1
D:8:      layout_loops_ring, nicolae_qazlal_scattered_showers, lair_entry_dummy
Lair:1:   layout_cave_pods, uniq_amaemon

Table legend: (Time is in decaauts)
 A = Elapsed time spent in this place.
 B = Non-inter-level travel time spent in this place.
 C = Inter-level travel time spent in this place.
 D = Time resting spent in this place.
 E = Time spent auto-exploring this place.
 F = Levels seen in this place.
 G = Mean time per level.
                   A        B        C        D        E       F      G
               +--------+--------+--------+--------+--------+-----+--------+
         Total |   7833 |   6947 |    886 |    181 |   5413 |   9 |  870.3 |
       Dungeon |   7275 |   6389 |    886 |    103 |   5075 |   8 |  909.4 |
          Lair |    558 |    558 |      0 |     78 |    338 |   1 |  558.0 |
               +--------+--------+--------+--------+--------+-----+--------+

Top non-repeatable levels by time:
     D:4: 1344 daAuts
     D:5: 1096 daAuts
     D:1: 994 daAuts
     D:8: 911 daAuts
     D:2: 908 daAuts
     D:6: 828 daAuts
     D:3: 608 daAuts
     D:7: 583 daAuts
  Lair:1: 558 daAuts

Table legend:
 A = Kills in this place as a percentage of kills in the entire game.
 B = Kills by you in this place as a percentage of kills by you in the entire game.
 C = Kills by friends in this place as a percentage of kills by friends in the entire game.
 D = Other kills in this place as a percentage of other kills in the entire game.
 E = Experience gained in this place as a percentage of experience gained in the entire game.
 F = Experience gained in this place divided by the number of levels of this place that you have seen.
                   A       B       C       D       E      F
               +-------+-------+-------+-------+-------+----------------------
         Total | 100.0 | 100.0 |   N/A |   N/A | 100.0 | 829.6
       Dungeon |  93.9 |  93.9 |   N/A |   N/A |  58.3 | 544.0
          Lair |   6.1 |   6.1 |   N/A |   N/A |  41.7 | 3114.0
               +-------+-------+-------+-------+-------+----------------------
